Map: Thunderbird LE

Players

Woah

  • Race: Terran Terran
  • Spawn Location: 5:00

urapek - Winner!

  • Race: Terran Terran
  • League: Diamond
  • Spawn Location: 11:00

VOD

Have the link to the VOD?

Description

Time

  • Played on: June 12, 2019, 9:43 a.m.
  • Length: 8:15
Show
View Real Time Build Order
Export as new Build Order

Woah Terran 

Build Orders: 1/1/1, Cyclone Opening 

Get SALT Encoding   

  12  0:01  SCV  
  13  0:13  SCV  
  14  0:18  Supply Depot  
  14  0:25  SCV  
  14  0:28  Refinery  
  15  0:39  SCV  
  16  0:45  Barracks  
  16  0:54  SCV  
  17  0:58  Refinery  
  17  1:06  SCV  
  18  1:21  SCV  
  19  1:33  Orbital Command  
  19  1:34  Factory  
  19  1:36  Reaper  
  20  1:46  Supply Depot  
  20  2:00  SCV  
  21  2:10  Reaper  
  22  2:17  Factory Tech Lab  
  22  2:20  Starport  
  22  2:32  SCV  
  23  2:40  Command Center  
  23  2:42  Reaper  
  24  2:46  SCV  
  25  2:54  Cyclone  
  28  2:58  Starport Tech Lab  
  28  3:01  SCV  
  29  3:27  Barracks Reactor  
  29  3:32  Barracks  
  29  3:39  Engineering Bay  
  29  3:40  Supply Depot  
  29  3:44  SCV  
  30  3:52  Siege Tank  
  33  3:59  Orbital Command  
  33  4:07  Marine  
  33  4:08  Marine  
  35  4:10  Raven  
  37  4:19  Orbital Command  
  37  4:22  Barracks Tech Lab  
  37  4:25  Command Center  
  37  4:34  SCV  
  37  4:36  Terran Infantry Weapons Level 1  
  38  4:41  Marine x2  
  38  4:43  Marine  
  41  4:47  SCV  
  41  4:50  SCV  
  43  5:01  Marine x2  
  45  5:11  SCV  
  45  5:12  SCV  
  47  5:17  Viking  
  47  5:20  Marine  
  47  5:21  Marine x2  
  52  5:23  Stimpack  
  52  5:27  SCV  
  54  5:28  SCV  
  54  5:36  Orbital Command  
  54  5:40  Barracks  
  54  5:41  Marine  
  54  5:42  Marine  
  55  5:44  Marine  
  55  5:47  SCV  
  55  5:48  SCV  
  59  5:56  Factory, Siege Tank  
  62  6:00  SCV x2  
  62  6:02  Starport Reactor  
  64  6:05  Refinery  
  64  6:07  Supply Depot  
  64  6:10  Orbital Command  
  64  6:27  Missile Turret  
  64  6:30  Marine  
  64  6:31  Missile Turret, Barracks Reactor  
  65  6:35  Barracks  
  65  6:41  SCV  
  65  6:42  SCV x2  
  68  6:53  SCV  
  68  6:54  Armory, SCV x2  
  70  6:56  Engineering Bay  
  70  6:59  Missile Turret  
  71  7:05  SCV  
  71  7:06  SCV, Missile Turret  
  73  7:17  Viking, Sensor Tower  
  51  7:41  Marine  
  51  7:42  Marine x2  
  44  7:45  Marine  
  44  7:48  SCV x2  
  44  7:51  Marine  
Show
View Real Time Build Order
Export as new Build Order

urapek Terran - Winner!

Build Orders: Reaper Expand 

Get SALT Encoding   

  12  0:00  SCV  
  13  0:12  SCV  
  14  0:17  Supply Depot  
  14  0:25  SCV  
  15  0:38  SCV  
  15  0:40  Barracks  
  16  0:44  Refinery  
  16  0:50  SCV  
  17  1:03  SCV  
  18  1:15  SCV  
  19  1:27  Reaper, Orbital Command  
  20  1:44  Command Center  
  20  1:53  SCV  
  21  1:57  Refinery  
  21  1:59  Barracks Reactor  
  21  2:05  SCV  
  21  2:06  Supply Depot  
  22  2:17  SCV  
  23  2:22  Factory  
  23  2:35  Marine x2  
  25  2:37  SCV  
  26  2:49  SCV  
  27  2:54  Marine x2, Barracks  
  27  2:57  Orbital Command  
  29  3:03  Supply Depot  
  29  3:04  SCV  
  30  3:14  Factory Tech Lab  
  30  3:16  Marine x2  
  32  3:20  Starport  
  32  3:23  SCV x2  
  34  3:30  Supply Depot  
  34  3:36  Siege Tank  
  34  3:41  SCV  
  38  3:42  SCV, Barracks Tech Lab  
  38  3:45  Marine  
  38  3:47  Marine  
  41  3:59  Supply Depot  
  41  4:02  Starport Reactor  
  41  4:09  Stimpack  
  41  4:10  Siege Tank  
  44  4:21  Engineering Bay  
  44  4:22  Marine  
  44  4:23  Marine x2  
  47  4:28  Supply Depot  
  47  4:29  SCV  
  47  4:30  SCV  
  49  4:47  Siege Tank, Marine x2  
  49  4:50  SCV x2  
  56  4:54  Refinery  
  56  4:55  Missile Turret  
  56  4:59  Missile Turret  
  56  5:06  SCV x2  
  58  5:09  Missile Turret, Supply Depot  
  58  5:11  Medivac  
  58  5:13  Medivac  
  62  5:21  Missile Turret  
  62  5:23  SCV x2  
  62  5:28  Refinery  
  64  5:34  Marine x2  
  66  5:35  SCV  
  66  5:36  Marine  
  68  5:43  Medivac  
  68  5:45  Medivac  
  72  5:54  SCV x2  
  74  6:00  Siege Tank  
  74  6:02  Marine  
  74  6:03  Marine x2  
  80  6:21  Marine x3  
  83  6:33  Command Center  
  83  6:43  Viking  
  83  6:45  Marine  
  86  6:49  Viking, Siege Tank, Marine x2  
  94  6:54  SCV x2  
  95  7:06  SCV x2  
  92  7:43  Marauder, Marine x2  
Tags
 
Add a new tag
Caveats
  • Supply blocks, unpowered buildings, or Contaminate may cause inaccurate times.
  • Supply counts are checked every 10 seconds.